Map: Thunderbird LE

Players

Harstem - Winner!

  • Race: Protoss Protoss
  • Spawn Location: 11:00

Epic

  • Race: Terran Terran
  • Spawn Location: 5:00

VOD

Have the link to the VOD?

Description

Time

  • Played on: Sept. 6, 2019, 2:08 p.m.
  • Length: 6:02
Show
View Real Time Build Order
Export as new Build Order

Harstem Protoss - Winner!

Build Orders: 1 Gate Expand 

Get SALT Encoding   

  12  0:00  Probe  
  13  0:12  Probe  
  14  0:17  Pylon  
  14  0:24  Probe  
  15  0:32  Probe  
  15  0:38  Gateway  
  15  0:40  Probe  
  16  0:48  Assimilator  
  17  0:51  Probe  
  18  1:03  Probe  
  19  1:15  Probe  
  20  1:25  Cybernetics Core  
  20  1:36  Nexus  
  20  1:43  Pylon  
  20  1:46  Probe  
  21  1:53  Adept, Assimilator  
  21  1:58  Probe  
  22  2:07  Warp Gate  
  24  2:10  Probe  
  24  2:13  Stalker  
  25  2:17  Shield Battery  
  27  2:30  Probe  
  28  2:38  Robotics Facility  
  28  2:42  Probe  
  29  2:49  Stalker  
  31  2:53  Probe  
  31  2:56  Probe  
  32  3:06  Shield Battery  
  33  3:14  Shield Battery  
  33  3:15  Immortal  
  33  3:34  Probe x2  
  34  3:43  Probe  
  34  3:46  Probe  
  36  3:51  Probe  
  37  3:58  Probe, Stalker  
  37  3:59  Warp Prism  
  37  4:01  Probe  
  43  4:16  Probe  
  44  4:17  Probe  
  45  4:24  Pylon  
  45  4:28  Pylon, Probe  
  45  4:29  Pylon  
  46  4:39  Probe  
  46  4:42  Probe  
  46  4:45  Gateway  
  48  4:46  Gateway  
  48  4:47  Probe  
  48  4:49  Observer  
  50  4:54  Probe  
  50  4:56  Pylon  
  50  4:57  Probe  
  50  4:59  Sentry  
  54  5:04  Pylon  
  54  5:07  Probe  
  55  5:09  Probe  
  55  5:10  Observer  
  55  5:19  Probe  
  55  5:21  Probe  
  57  5:31  Probe  
  57  5:32  Observer  
  57  5:34  Stalker  
  61  5:47  Stalker x2  
  61  5:48  Probe  
  66  5:50  Probe  
  66  5:57  Assimilator  
  68  6:00  Forge, Twilight Council  
  68  6:01  Assimilator  
Show
View Real Time Build Order
Export as new Build Order

Epic Terran 

Build Orders:  

Get SALT Encoding   

  12  0:00  SCV  
  13  0:12  SCV  
  14  0:18  Supply Depot  
  14  0:25  SCV  
  15  0:42  Barracks  
  15  0:47  Refinery  
  15  0:58  Barracks  
  15  1:02  SCV  
  16  1:12  Refinery  
  16  1:14  SCV  
  17  1:33  Orbital Command  
  17  1:38  Barracks Tech Lab  
  17  1:46  Barracks Tech Lab  
  17  1:57  Marauder, Concussive Shells  
  17  1:59  SCV  
  20  2:08  Marauder  
  22  2:14  Supply Depot  
  22  2:36  Marauder x2, SCV  
  27  2:42  Factory  
  27  2:48  SCV  
  28  3:02  Marauder  
  30  3:10  SCV  
  31  3:23  Bunker  
  31  3:28  SCV  
  31  3:32  Marauder  
  30  3:41  SCV  
  31  3:43  Factory Tech Lab  
  31  3:45  Bunker  
  31  3:47  Starport  
  31  3:53  SCV  
  31  3:54  Marauder  
  29  4:05  SCV  
  24  4:17  SCV  
  23  4:25  Command Center  
  23  4:29  SCV  
  23  4:30  Banshee, Cloaking Field  
  25  4:33  Widow Mine  
  27  4:40  Supply Depot  
  27  4:42  SCV  
  28  4:54  Widow Mine, SCV  
  31  5:06  SCV  
  32  5:13  Banshee  
  33  5:17  Factory Tech Lab  
  33  5:20  SCV  
  31  5:35  SCV  
Tags
 
Add a new tag
Caveats
  • Supply blocks, unpowered buildings, or Contaminate may cause inaccurate times.
  • Supply counts are checked every 10 seconds.